Match 47202617
Unlisted

Match 47202617
End
Engineer Squad
Construct Weapon Support Center
Selects Heavy Weapons
M1919 Machine Gun Team
Bazooka Squad
M1919 Machine Gun Team
Engineer Squad
Mechanized Support Center
Selects Assault Carriers
M3 Assault Carrier
Construct Medical Station
Bazooka Squad
Tea Cup
Jeremy
皮皮
JT
Dam
mcq_knight
Marduk
A Quick Workaround
0
0

Comments sign in to comment!

No comments posted yet!